 Dungeon Crawl Stone Soup version 0.18.1-8-gdd0e5ea (webtiles) character file.

60 mistymad the Insei (level 4, -1/38 HPs)
             Began as a Naga Transmuter on May 21, 2016.
             Slain by Robin
             ... wielding a +0 spear
              (2 damage)
             ... on level 2 of the Dungeon.
             The game lasted 00:05:51 (2138 turns).

mistymad the Insei (Naga Transmuter)                Turns: 2138, Time: 00:05:52

Health: -1/38      AC:  2    Str: 12    XL:     4   Next: 4%
Magic:  7/7        EV: 10    Int: 14    God:
Gold:   38         SH:  0    Dex: 12    Spells: 1 memorised, 6 levels left

rFire  . . .     SeeInvis +       - Unarmed
rCold  . . .     Gourm    .     b - +0 robe
rNeg   . . .     Faith    .     (no shield)
rPois  +         Spirit   .     (no helmet)
rElec  .         Dismiss  .     (no cloak)
rCorr  .         Reflect  .     (no gloves)
SustAt .         Harm     .     (no barding)
MR     .....                    (no amulet)
Stlth  ++........               (no ring)
                                (no ring)

@: flying, very slow, not resistant to hostile enchantments, unstealthy
A: see invisible, deformed body, poison resistance, slowness 2, slow metabolism
1, spit poison 2, AC +1
a: Spit Poison


You were on level 2 of the Dungeon.
You were not hungry.

You visited 1 branch of the dungeon, and saw 2 of its levels.

You collected 38 gold pieces.

Inventory:

Missiles
 a - 33 arrows
Armour
 b - a +0 robe (worn)
Scrolls
 e - 2 scrolls of remove curse {unknown}
 g - 2 scrolls of identify {unknown}
 k - a scroll of fog {unknown}
 n - a scroll of enchant weapon {unknown}
Potions
 h - a potion of flight
 j - a potion of agility {unknown}
 m - a potion of haste {unknown}
Books
 c - a book of Changes

   Spells                             Type                      Level
   a - Beastly Appendage              Transmutation                1
   b - Sticks to Snakes               Transmutation                2
   c - Spider Form                    Transmutation/Poison         3
   d - Ice Form                       Ice/Transmutation            4
   e - Blade Hands                    Transmutation                5
Comestibles
 d - a bread ration
 f - a royal jelly
 i - a meat ration


   Skills:
 + Level 1.4 Fighting
 + Level 2.2 Dodging
 + Level 1.2 Stealth
 + Level 3.5 Unarmed Combat
 + Level 2.2 Spellcasting
 + Level 2.4 Transmutations


You had 6 spell levels left.
You knew the following spells:

 Your Spells              Type           Power        Failure   Level  Hunger
a - Beastly Appendage     Trmt           #.....       12%         1    #......


Dungeon Overview and Level Annotations

Branches:
Dungeon (2/15)

Altars:
Ru

Annotations:
D:2 Robin


Innate Abilities, Weirdness & Mutations

You cannot wear boots.
Your serpentine skin is tough (AC +1).
You have supernaturally acute eyesight.
Armour fits poorly on your strangely shaped body.
Your system is resistant to poisons.
You cover ground very slowly.
You have a slow metabolism.
You can spit poison.


Message History

* * * LOW HITPOINT WARNING * * *
You barely miss the goblin. Robin barely misses you.
The hobgoblin closely misses you. The goblin hits you with a dagger.
* * * LOW HITPOINT WARNING * * *
You barely miss the goblin. Robin closely misses you.
The hobgoblin closely misses you. The goblin hits you with a dagger.
* * * LOW HITPOINT WARNING * * *
You hit the goblin.
You kill the goblin!
The hobgoblin no longer looks unusually strong.
Robin closely misses you. The hobgoblin barely misses you.
Things that are here:
a dagger x2
Unknown command.
Drink which item? (? for menu, Esc to quit)
It was a potion of flight.
You feel very buoyant.
You fly up into the air.
The hobgoblin barely misses you. Robin hits you from afar with a spear.
You die...

..###..#...######.# #.#......#.
.......######.....# #.#......#.
..####............#####+#......#
#####.......###..[......gg##
#...<...# #.....#####..g
#.....### #.....# #.## ###...#
#(....# #... #...#####.....#
##.## #...+@ggg....#####...#
#...#########......_.. ..#
#.......#.#...# #.#####.#.##.##
#.#....# #.####.# #......#
####...# #..##


You could see Robin and 2 hobgoblins.

Vanquished Creatures
  2 dart slugs (D:1)
  2 giant geckos (D:1)
  6 bats
  2 giant cockroaches
  10 goblins
  5 hobgoblins (D:1)
  8 jackals
  2 ball pythons (D:1)
  3 giant newts
  2 kobolds (D:1)
  5 rats (D:1)
47 creatures vanquished.

Notes
Turn   | Place    | Note
--------------------------------------------------------------
     0 | D:1      | mistymad the Naga Transmuter began the quest for the Orb.
     0 | D:1      | Reached XP level 1. HP: 18/18 MP: 3/3
   285 | D:1      | Reached XP level 2. HP: 22/25 MP: 3/5
   808 | D:1      | Reached XP level 3. HP: 31/31 MP: 4/6
  1882 | D:2      | Reached skill level 1 in Stealth
  2063 | D:2      | Found a sacrificial altar of Ru.
  2110 | D:2      | Noticed Robin
  2127 | D:2      | Reached XP level 4. HP: 20/38 MP: 7/7
  2134 | D:2      | HP: 1/38 [goblin/dagger[Robin] (3)]
  2138 | D:2      | Slain by Robin

Skill      XL: |  1  2  3 |
---------------+----------+-----
Dodging        | 2 |  2.2
Stealth        | 1 |  1.2
Fighting       | |  1.4
Unarmed Combat | |  3.5
Spellcasting   | |  2.2
Transmutations | |  2.4

Action                   |  1- 3 |  4- 6 || total
-------------------------+-------+-------++-------
Melee: Unarmed           |   144 |     6 ||   150
       Headbutt          |    14 |       ||    14
       Punch             |     3 |       ||     3
 Cast: Beastly Appendage |    25 |       ||    25
  Use: Potion            |       |     1 ||     1
 Stab: Sleeping          |     3 |       ||     3
       Distracted        |     1 |       ||     1
  Eat: Chunk             |     3 |       ||     3
Armor: Robe              |    29 |       ||    29
Dodge: Dodged            |    87 |    11 ||    98
